 Dungeon Crawl Stone Soup version 0.30.1-11-g7821555f0a (webtiles) character file.

Game seed: 432276881484833880

1670 Heoruswealwe the Thaumaturge (level 8, -1/41 HPs)
             Began as a Deep Elf Conjurer on Nov 17, 2023.
             Shot with an arrow by a centaur (11 damage)
             ... on level 8 of the Dungeon on Nov 20, 2023.
             The game lasted 01:06:19 (6271 turns).

Heoruswealwe the Thaumaturge (Deep Elf Conjurer)    Turns: 6271, Time: 01:06:19

Health: -1/41      AC:  4    Str:  4    XL:     8   Next: 70%
Magic:  11/24      EV: 17    Int: 26    God:
Gold:   373        SH:  0    Dex: 13    Spells: 11/28 levels left

rFire   . . .        a - +2 short sword (speed)
rCold   . . .        (no shield)
rNeg    . . .        c - +0 robe
rPois   .            (no helmet)
rElec   .            (no cloak)
rCorr   .            (no gloves)
SInv    .            e - +1 pair of boots
Will    .....        (no amulet)
Stlth   ++           k - ring of flight
HPRegen 0.26/turn    j - +5 ring of evasion
MPRegen 0.19/turn

%: no passive effects
@: about to teleport, flying, very slightly contaminated
A: no striking features
a: no special abilities


You were on level 8 of the Dungeon.
You visited 2 branches of the dungeon, and saw 9 of its levels.

You collected 373 gold pieces.

Inventory:

Hand Weapons
 a - a +2 short sword of speed (weapon)
 b - a +5 battleaxe
Armour
 c - a +0 robe (worn)
 e - a +1 pair of boots (worn)
 n - a +0 robe
Jewellery
 j - a +5 ring of evasion (right hand)
 k - a ring of flight (left hand)
 y - a ring of protection from fire
Wands
 l - a wand of flame (59)
 w - a wand of polymorph (7)
Scrolls
 d - 6 scrolls of teleportation
 g - a scroll of amnesia
 p - 3 scrolls of enchant armour
 q - a scroll of poison
 t - 3 scrolls of blinking
 u - 2 scrolls of enchant weapon
 v - 2 scrolls of summoning
 C - 3 scrolls of magic mapping
Potions
 f - 4 potions of heal wounds {unknown}
 h - 2 potions of ambrosia {unknown}
 i - 4 potions of mutation
 m - 2 potions of cancellation {unknown}
 o - 3 potions of flight {unknown}
 r - a potion of resistance {unknown}
 s - 2 potions of magic
 x - a potion of might {unknown}
 z - a potion of degeneration {unknown}


   Skills:
 - Level 2.4 Dodging
 - Level 2.4 Stealth
 + Level 10.7 Spellcasting
 + Level 9.7 Conjurations


You had 11 spell levels left.
You knew the following spells:

 Your Spells              Type           Power      Damage    Failure   Level
a - Magic Dart            Conj           100%       1d8       1%          1
b - Searing Ray           Conj           100%       2d8       1%          2
c - Dazzling Flash        Conj/Hex       78%        N/A       1%          3
d - Hailstorm             Conj/Ice       39%        3d9       1%          3
e - Iskenderun's Mystic   Conj/Tloc      39%        2d9       6%          4
f - Fulminant Prism       Conj/Hex       19%        3d11      6%          4

Your spell library contained the following spells:

 Spells                   Type           Power      Damage    Failure   Level
 Ensorcelled Hibernation  Hex/Ice        26%        N/A       6%          2
 Spider Form              Tmut/Pois      13%        N/A       13%         3
 Anguish                  Hex/Necr       6%         N/A       38%         4
 Ice Form                 Ice/Tmut       13%        N/A       38%         4
 Simulacrum               Ice/Necr       6%         N/A       100%        6


Dungeon Overview and Level Annotations

Branches:
Dungeon (8/15)             Temple (1/1) D:5
   Lair: D:8-11

Altars:
Dithmenos
Elyvilon
Fedhas
Gozag
Hepliaklqana
Kikubaaqudgha
Makhleb
Nemelex Xobeh
Qazlal
Sif Muna
Trog
Wu Jian
Xom
Yredelemnul
The Shining One


Message History

Aiming: Searing Ray (safe; 1% risk of failure)
Press: ? - help, Shift-Dir - straight line, f - orc wizard, p - centaur
Aim: an orc wizard, wielding a +0 dagger and wearing a +0 robe (lightly wounded, 79% to hit)
The searing ray hits the orc wizard!
The orc wizard is almost dead. (Press . to maintain the ray.)
The searing ray hits the orc wizard!
You kill the orc wizard!
Found 2 scrolls labelled JUTIEMN ONOMAQ.
The bullfrog hits you.
Casting: Searing Ray (safe; 1% risk of failure)
Confirm with . or Enter, or press ? or * to list all spells.
The spell is quite dangerous to miscast (6% risk of failure)!
Continue anyway?
You erupt in a blast of force!
The mystic blast hits the bullfrog!
The bullfrog is heavily wounded.
The bullfrog is knocked back by the mystic blast.
The bullfrog slams into the rock wall!
The bullfrog is severely wounded.
You hear an angry hiss.
A water moccasin comes into view.
The centaur shoots an arrow.
The arrow hits you!
Casting: Iskenderun's Mystic Blast (quite dangerous; 6% risk of failure)
Confirm with . or Enter, or press ? or * to list all spells.
The spell is quite dangerous to miscast (6% risk of failure)!
Continue anyway?
You miscast Iskenderun's Mystic Blast.
You are very lightly contaminated with residual magic.
Nothing appears to happen.
The bullfrog closely misses you.
Casting: Iskenderun's Mystic Blast (quite dangerous; 6% risk of failure)
Confirm with . or Enter, or press ? or * to list all spells.
Aiming: Searing Ray (safe; 1% risk of failure)
Press: ? - help, Shift-Dir - straight line, f - bullfrog
Aim: a bullfrog (severely wounded, 79% to hit)
The searing ray hits the bullfrog!
You kill the bullfrog! (Press . to maintain the ray.)
The centaur shoots an arrow.
The arrow hits you!
* * * LOW HITPOINT WARNING * * *
As you read the scroll of teleportation, it crumbles to dust.
You feel strangely unstable.
The centaur shoots an arrow.
The arrow hits you!
You die...

#.......# #.
#.......# .. #
#.......# .# ..
+.......###.#
#.#...........####
#...###...c)......
##...c.F###......
#...S†### ...$.
#..>..@# F?..
#......# ...
#....?.. ##
........##
.....##### .....
..... ..


You could see a water moccasin and a centaur.

Vanquished Creatures
  A water moccasin (D:5)
  4 phantoms
  A kobold brigand (D:7)
  3 bullfrogs
  3 wights (D:6)
  2 howler monkeys
  A hound (D:4)
  3 jellies
  An orc priest (D:7)
  Jessica (D:3)
  2 iguanas
  Natasha (thrice) (D:4)
  A gnoll bouda (D:5)
  3 sleepcaps
  4 orc wizards
  7 adders
  4 gnolls (D:5)
  3 shadow imps
  3 ufetubi
  3 worms
  21 orcs
  6 bats
  8 endoplasms
  7 goblins
  8 hobgoblins
  3 quokkas
  7 ball pythons
  A frilled lizard (D:3)
  13 kobolds
  5 rats
  A butterfly (D:5)
133 creatures vanquished.

Notes
Turn   | Place    | Note
-------+----------+-------------------------------------------
     0 | D:1      | Heoruswealwe the Deep Elf Conjurer began the quest for the
                  | Orb.
     0 | D:1      | Reached XP level 1. HP: 10/10 MP: 6/6
   115 | D:1      | Found a faded altar of an unknown god.
   330 | D:1      | Reached XP level 2. HP: 15/15 MP: 1/8
   348 | D:1      | Learned a level 2 spell: Searing Ray
   791 | D:2      | Reached skill level 4 in Spellcasting
   798 | D:2      | Reached skill level 5 in Conjurations
   798 | D:2      | Reached XP level 3. HP: 19/19 MP: 1/10
   860 | D:2      | Learned a level 3 spell: Dazzling Flash
  1124 | D:2      | You are sucked into a shaft and drop 2 floors!
  1129 | D:4      | Noticed a phantom
  1139 | D:4      | Killed a phantom
  1140 | D:4      | Reached skill level 5 in Spellcasting
  1140 | D:4      | Reached XP level 4. HP: 24/24 MP: 2/13
  1145 | D:4      | Learned a level 4 spell: Fulminant Prism
  1244 | D:4      | Noticed Natasha
  1249 | D:4      | Killed Natasha
  1250 | D:4      | Reached XP level 5. HP: 28/28 MP: 12/15
  1292 | D:4      | Noticed a phantom
  1302 | D:4      | Killed a phantom
  1303 | D:4      | Reached skill level 6 in Spellcasting
  1416 | D:4      | Reached XP level 6. HP: 30/32 MP: 0/17
  1670 | D:4      | Noticed Natasha
  1674 | D:4      | Killed Natasha
  1701 | D:4      | Noticed Natasha
  1705 | D:4      | Killed Natasha
  1785 | D:3      | Found a bloodstained altar of Trog.
  1915 | D:2      | Found a burning altar of Makhleb.
  1989 | D:2      | Learned a level 4 spell: Iskenderun's Mystic Blast
  2134 | D:3      | Noticed Jessica
  2139 | D:3      | Killed Jessica
  2140 | D:3      | Reached skill level 7 in Spellcasting
  2998 | D:5      | Entered Level 5 of the Dungeon
  3021 | D:5      | Reached XP level 7. HP: 36/36 MP: 15/20
  3186 | D:5      | Found a staircase to the Ecumenical Temple.
  3202 | Temple   | Entered the Ecumenical Temple
  3202 | Temple   | Found a transporter.
  3202 | Temple   | Found a transporter.
  3204 | Temple   | Found a transporter.
  3204 | Temple   | Found a transporter.
  3550 | D:5      | Reached skill level 8 in Spellcasting
  4085 | D:6      | Found a white marble altar of Elyvilon.
  4223 | D:6      | Reached skill level 9 in Spellcasting
  4245 | D:6      | Reached XP level 8. HP: 41/41 MP: 14/23
  4270 | D:6      | Learned a level 3 spell: Hailstorm
  4862 | D:5      | You are sucked into a shaft and drop 2 floors!
  4868 | D:7      | Reached skill level 10 in Spellcasting
  5091 | D:6      | You are sucked into a shaft and drop 1 floor!
  6271 | D:8      | Shot with an arrow by a centaur

Illustrated notes

Levels and vault maps discovered:
D:1:      dpeg_arrival_tiny_e, layout_basic, hellmonk_ecumenical_altar_zigzags
D:2:      layout_loops_ring, basic_altar, minmay_tree_intersection,
          kennysheep_generic_room_7
D:3:      layout_basic, trog_three_pillars_becter, uniq_jessica
D:4:      layout_cave_pools, st_stairs_3, uniq_natasha
D:5:      layout_basic, minmay_temple_entry_butterflies,
          hangedman_decor_slide_cut, chequers_avenue, kennysheep_generic_room_6
D:6:      layout_basic, elyvilon_altar_5
D:7:      layout_basic, roderic_roman_lattice
D:8:      layout_basic, mainiacjoe_overflow_chevrons, gammafunk_ghost_stat_death
Temple:   hellmonk_temple_divided_pantheon

Skill      XL: |  1  2  3  4  5  6  7  8 |
---------------+-------------------------+-----
Spellcasting   | 4 5 6 7 9 10 | 10.7
Conjurations   | 5 6 7 8 9 |  9.7
Dodging        | |  2.4
Stealth        | |  2.4

Action                     |  1- 3 |  4- 6 |  7- 9 || total
---------------------------+-------+-------+-------++-------
  Melee: Short sword       |       |       |     1 ||     1
   Cast: Magic Dart        |    58 |    88 |    83 ||   229
         Searing Ray       |     2 |    13 |    30 ||    45
         Iskenderun's Myst |       |       |     4 ||     4
    Use: Potion            |     1 |     1 |       ||     2
         Scroll            |       |    10 |     4 ||    14
 Armour: Robe              |     2 |     2 |     3 ||     7
  Dodge: Dodged            |     3 |    11 |    42 ||    56
